 Dungeon Crawl Stone Soup version 0.30-a0-722-g3e6e8c874d (webtiles) character file.

Game seed: 6115921136718805935

2797 browni3141 the Grappler (level 9, -4/89 HPs)
             Began as a Troll Berserker on Jan 27, 2023.
             Was a Priest of Trog.
             Killed from afar by Maurice (20 damage)
             ... with a bolt of light
             ... on level 8 of the Dungeon.
             The game lasted 00:05:00 (5595 turns).

browni3141 the Grappler (Troll Berserker)           Turns: 5595, Time: 00:05:01

Health: -4/89      AC:  5    Str: 31    XL:     9   Next: 43%
Magic:  0/8        EV: 11    Int:  3    God:    Trog [***...]
Gold:   0          SH:  0    Dex:  9    Spells: 8/8 levels left

rFire   . . .      SeeInvis .      - Unarmed
rCold   . . .      Faith    .    (no shield)
rNeg    + . .      Spirit   +    a - +0 animal skin
rPois   +          Reflect  .    (helmet restricted)
rElec   .          Harm     .    g - +0 cloak
rCorr   .          Rampage  .    (gloves unavailable)
Will    ++...                    (boots unavailable)
Stlth   ++                       B - amulet of guardian spirit
HPRegen 2.14/turn                C - ring of poison resistance
MPRegen 0.11/turn                G - ring of positive energy

@: strong-willed, on berserk cooldown, regenerating, slowed, very slow
A: large, unfitting armour, claws 3, regeneration 1, shaggy fur 1, tough skin 1
a: Renounce Religion, Berserk, Trog's Hand


You were on level 8 of the Dungeon.
You worshipped Trog.
Trog was most pleased with you.
You visited 1 branch of the dungeon, and saw 8 of its levels.

Inventory:

Missiles
 l - 8 curare-tipped darts (quivered)
 m - 25 poisoned darts
Armour
 a - a +0 animal skin (worn)
 g - a +0 cloak (worn)
Jewellery
 B - an amulet of guardian spirit (around neck)
 C - a ring of poison resistance (left claw)
 G - a ring of positive energy (right claw)
Wands
 s - a wand of mindburst (12)
 v - a wand of light (21)
 E - a wand of polymorph (7)
 H - a wand of iceblast (9)
Scrolls
 b - a scroll of fog {unknown}
 c - 2 scrolls of blinking {unknown}
 d - 3 scrolls of identify {unknown}
 e - a scroll of torment {unknown}
 f - 3 scrolls of magic mapping {unknown}
 h - 2 scrolls of immolation {unknown}
 i - 2 scrolls of poison {unknown}
 j - a scroll of enchant weapon {unknown}
 t - 3 scrolls of vulnerability {unknown}
 y - a scroll of brand weapon {unknown}
 A - a scroll of enchant armour {unknown}
 D - a scroll of butterflies {unknown}
 F - a scroll of teleportation {unknown}
 I - a scroll of silence {unknown}
Potions
 k - a potion of ambrosia {unknown}
 n - a potion of brilliance {unknown}
 o - 2 potions of curing {unknown}
 p - a potion of mutation {unknown}
 q - 2 potions of might {unknown}
 r - a potion of berserk rage {unknown}
 w - a potion of lignification {unknown}
 x - a potion of cancellation {unknown}
 z - 2 potions of degeneration {unknown}


   Skills:
 + Level 5.7 Fighting
 + Level 5.7 Dodging
 - Level 2.0 Stealth
 * Level 9.4 Unarmed Combat


You had 8 spell levels left.
You didn't know any spells.
Your spell library was empty.

Dungeon Overview and Level Annotations

Branches:
Dungeon (8/15)             Temple (0/1) D:6
   Lair: D:8-11

Altars:
Gozag
Hepliaklqana
Nemelex Xobeh
Qazlal
Ru
Sif Muna
Trog
Vehumet
Zin
The Shining One

Annotations:
D:8 Maurice


Innate Abilities, Weirdness & Mutations

You are too large for most types of armour.
You have claws for hands.
Your natural rate of healing is unusually fast.
You are covered in fur. (AC +1)
You have tough skin. (AC +1)


Message History

You barely miss something. You barely miss something. Something hits you.
Something steals your throwing net!
You barely miss something. You mangle something!! Something hits you!
Something steals 70 gold pieces!
You now have 0 gold pieces.
You are electrocuted!
* * * LOW HITPOINT WARNING * * *
You closely miss something. You mangle something!!
You hear some strange, mumbled words.
You start resting.
You feel a strong urge to attack something.
You start resting.
You are no longer berserk.
You are exhausted.
You feel yourself slow down. Something hits you!
* * * LOW HITPOINT WARNING * * *
Something mutters, "Now where did you hide it?"
You barely miss something.
You hear some strange, mumbled words.
Aiming: Iceblast
Press: ? - help, Shift-Dir - straight line, f - you
Okay, then.
Unknown command.
Your skin crawls.
You feel strong-willed.
You can no longer call in reinforcements.
You hear a zap.
A bolt of light appears from out of thin air!
The bolt of light misses you.
You hear a zap.
A bolt of light appears from out of thin air!
The bolt of light hits you!
* * * LOW HITPOINT WARNING * * *
Aiming: Bolt of Light
Press: ? - help, Shift-Dir - straight line You hear a zap.
A bolt of light appears from out of thin air!
The bolt of light hits you!!
You die...

# #### ## ..####..# .###
....<...# ...
........#########.#####.
.####...).......@.{...(.
.....(.#################
########


There were no monsters in sight!

Vanquished Creatures
  2 wyverns
  2 water moccasins (D:7)
  An ice beast (D:6)
  2 sky beasts (D:6)
  A centaur (D:7)
  2 black bears (D:5)
  3 ogres
  3 kobold brigands
  2 bullfrogs
  4 scorpions
  5 killer bees (D:7)
  2 howler monkeys
  2 jellies
  3 hounds
  7 iguanas
  3 orc wizards
  6 gnolls
  10 adders
  2 white imps
  An ufetubus (D:4)
  A dart slug (D:3)
  24 orcs
  6 ball pythons
  3 bats
  4 endoplasms
  7 goblins
  6 hobgoblins
  3 quokkas
  2 frilled lizards
  15 kobolds
  8 rats
142 creatures vanquished.

Notes
Turn   | Place    | Note
-------+----------+-------------------------------------------
     0 | D:1      | browni3141 the Troll Berserker began the quest for the Orb.
     0 | D:1      | Reached XP level 1. HP: 22/22 MP: 0/0
   143 | D:1      | Found a faded altar of an unknown god.
   340 | D:1      | Reached skill level 1 in Stealth
   340 | D:1      | Reached XP level 2. HP: 29/29 MP: 1/1
   815 | D:2      | Reached XP level 3. HP: 35/36 MP: 2/2
  1420 | D:3      | Reached XP level 4. HP: 31/44 MP: 3/3
  1461 | D:3      | Reached ** piety under Trog
  1538 | D:3      | Reached XP level 5. HP: 46/52 MP: 4/4
  1608 | D:3      | Reached skill level 4 in Unarmed Combat
  1879 | D:3      | Found a radiant altar of Vehumet.
  1933 | D:3      | Found a sacrificial altar of Ru.
  1940 | D:3      | Found a stormy altar of Qazlal.
  2128 | D:4      | Noticed an ogre
  2131 | D:4      | You fall into a shaft and drop 1 floor!
  2131 | D:5      | Entered Level 5 of the Dungeon
  2198 | D:5      | Reached XP level 6. HP: 61/61 MP: 5/5
  2302 | D:4      | Reached skill level 5 in Unarmed Combat
  2402 | D:4      | Found a shimmering blue altar of Sif Muna.
  2786 | D:4      | Found a glowing silver altar of Zin.
  3254 | D:5      | Reached XP level 7. HP: 40/68 MP: 6/6
  3255 | D:5      | Reached *** piety under Trog
  3399 | D:5      | Reached skill level 6 in Unarmed Combat
  4071 | D:6      | Noticed a wyvern
  4075 | D:6      | Killed a wyvern
  4076 | D:6      | Reached XP level 8. HP: 78/78 MP: 7/7
  4116 | D:6      | Reached skill level 7 in Unarmed Combat
  4273 | D:6      | Found a staircase to the Ecumenical Temple.
  4463 | D:6      | Reached skill level 8 in Unarmed Combat
  4522 | D:6      | Reached skill level 5 in Fighting
  4522 | D:6      | Reached skill level 5 in Dodging
  4617 | D:6      | Found an opulent altar of Gozag.
  4659 | D:6      | Found a bloodstained altar of Trog.
  4819 | D:7      | Reached XP level 9. HP: 75/88 MP: 6/8
  4881 | D:7      | Found a sparkling altar of Nemelex Xobeh.
  4994 | D:7      | Reached skill level 9 in Unarmed Combat
  5031 | D:7      | Reached **** piety under Trog
  5431 | D:7      | Found a hazy altar of Hepliaklqana.
  5438 | D:7      | Found a glowing golden altar of the Shining One.
  5573 | D:8      | Noticed Maurice
  5595 | D:8      | Killed from afar by Maurice

Illustrated notes

Levels and vault maps discovered:
D:1:      co_arrival_square_in_a_square_in_a_square, layout_basic,
          hellmonk_ecumenical_altar_pennies_from_heaven
D:2:      layout_basic, grunt_ministairs_9, bh_walls_and_bars
D:3:      layout_basic, nicolae_ru_the_path_less_chosen,
          nicolae_qazlal_eye_of_the_storm, mainiacjoe_overflow_alcove_2
D:4:      cheibrodos_helix_gallery, layout_basic,
          nicolae_sif_muna_little_library, zin_scriptorium
D:5:      layout_basic, serial_glass, glass_columns_b, glass_columns_a,
          glass_columns_a, glass_columns_c, glass_columns_b, glass_columns_a
D:6:      layout_loops_ring, mainiacjoe_overflow_swirl,
          minmay_temple_entry_drinking_statues
D:7:      layout_loops_cross, jmf_multi_god_temple, nemelex_diamond_rough_becter
D:8:      cheibrodos_fertilizer, layout_loops_ring,
          mainiacjoe_overflow_brackets, fedhas_altar_4,
          mainiacjoe_overflow_two_lobes, erik_lair_orcish_takeover,
          uniq_maurice, uniq_grum

Skill      XL: |  1  2  3  4  5  6  7  8  9 |
---------------+----------------------------+-----
Stealth        | 1 2 |  2.0
Unarmed Combat | 4 5 6 8 9 |  9.4
Fighting       | 3 4 5 |  5.7
Dodging        | 3 4 5 |  5.7

Action                     |  1- 3 |  4- 6 |  7- 9 || total
---------------------------+-------+-------+-------++-------
  Melee: Unarmed           |    80 |   112 |   173 ||   365
         Punch             |     4 |     2 |     8 ||    14
  Throw: Dart              |       |       |     3 ||     3
 Invoke: Berserk           |       |     3 |     4 ||     7
         Trog's Hand       |       |       |     1 ||     1
  Evoke: Wand              |       |       |     2 ||     2
   Stab: Sleeping          |     5 |     2 |     2 ||     9
 Armour: Animal skin       |    27 |    26 |    42 ||    95
  Dodge: Dodged            |    34 |    53 |    60 ||   147

Table legend: (Time is in decaauts)
 A = Elapsed time spent in this place.
 B = Non-inter-level travel time spent in this place.
 C = Inter-level travel time spent in this place.
 D = Time resting spent in this place.
 E = Time spent auto-exploring this place.
 F = Levels seen in this place.
 G = Mean time per level.
                   A        B        C        D        E       F      G
               +--------+--------+--------+--------+--------+-----+--------+
         Total |   5612 |   5383 |    229 |    109 |   4305 |   8 |  701.5 |
       Dungeon |   5612 |   5383 |    229 |    109 |   4305 |   8 |  701.5 |
               +--------+--------+--------+--------+--------+-----+--------+

Top non-repeatable levels by time:
     D:4: 1089 daAuts
     D:5: 939 daAuts
     D:7: 871 daAuts
     D:2: 824 daAuts
     D:6: 697 daAuts
     D:3: 582 daAuts
     D:1: 580 daAuts
     D:8: 27 daAuts
